 Dungeon Crawl Stone Soup version 0.19.5 (webtiles) character file.

413 Lizzreth the Sneak (level 6, -1/47 HPs)
             Began as a Demonspawn Fighter on Mar 16, 2017.
             Splashed by an oklob sapling's acid (15 damage)
             ... on level 4 of the Dungeon on Mar 17, 2017.
             The game lasted 00:27:43 (3699 turns).

Lizzreth the Sneak (Demonspawn Fighter)             Turns: 3699, Time: 00:27:44

Health: -1/47      AC:  7    Str: 16    XL:     6   Next: 59%
Magic:  6/6        EV: 11    Int:  9    God:
Gold:   129        SH:  0    Dex: 15    Spells: 0 memorised, 5 levels left

rFire  . . .     SeeInvis .     a - +1 trident
rCold  . . .     Gourm    .     e - +2 leather armour {MR+}
rNeg   + . .     Faith    .     (no shield)
rPois  .         Spirit   .     (no helmet)
rElec  .         Reflect  .     (no cloak)
rCorr  .         Harm     .     (no gloves)
MR     +....                    (no boots)
Stlth  +++++.....               m - amulet of magic regeneration
                                (no ring)
                                l - ring of positive energy

@: no status effects
A: molten scales 1, nightstalker 2, powered by pain 1
a: no special abilities


You were on level 4 of the Dungeon.
You were not hungry.

You visited 1 branch of the dungeon, and saw 4 of its levels.
You also visited: Sewer.

You collected 129 gold pieces.

Inventory:

Hand Weapons
 a - a +1 trident (weapon)
 p - a +0 dagger
 y - a +0 blowgun
Missiles
 u - 51 poisoned needles
Armour
 b - a +0 scale mail
 c - a +0 shield
 e - a +2 leather armour of magic resistance (worn)
Jewellery
 l - a ring of positive energy (left hand)
 m - an amulet of magic regeneration (around neck)
Wands
 w - a wand of disintegration (12/24)
Scrolls
 g - a scroll of enchant weapon
 h - 2 scrolls of blinking
 i - 4 scrolls of identify
 j - 2 scrolls of remove curse
 n - a scroll of magic mapping
 o - a scroll of fog {unknown}
 q - 3 scrolls of noise {unknown}
 r - 2 scrolls of teleportation {unknown}
 v - a scroll of enchant armour {unknown}
Potions
 d - a potion of might
 k - a potion of curing
 x - a potion of berserk rage {unknown}
 z - 2 potions of flight
 B - 2 potions of heal wounds {unknown}
Comestibles
 f - 4 bread rations
 s - a slice of pizza
 t - a beef jerky
 A - a meat ration


   Skills:
 - Level 3.0 Fighting
 - Level 2.7 Polearms
 - Level 2.6 Armour
 + Level 6.3 Stealth
 - Level 2.6 Shields


You had 5 spell levels left.
You didn't know any spells.

Dungeon Overview and Level Annotations

Branches:
Dungeon (4/15)             Temple (0/1) D:4

Altars:

Shops:
D:4 =

Annotations:
D:4 exclusion: oklob sapling


Innate Abilities, Weirdness & Mutations

You are partially covered in molten scales. (AC +2)
You are significantly more attuned to the shadows.
You sometimes gain a little power by taking damage.


Message History

The worker ant bites the plant!
You hit the plant but do no damage.
The plant is almost destroyed.
The worker ant bites the plant.
The worker ant bites the plant but does no damage.
You puncture the plant!
You destroy the plant!
The worker ant bites the plant.
The worker ant bites the plant but does no damage.
The worker ant bites the plant but does no damage.
The oklob sapling spits acid at you. The splash of acid hits you!
You are splashed with acid!
The acid burns!
The worker ant bites the plant but does no damage.
There is a staircase to the Ecumenical Temple here.
Unknown command.
The oklob sapling spits acid at you. The splash of acid hits you!
* * * LOW HITPOINT WARNING * * *
You are splashed with acid!
The acid burns!
You die...

#..# #.....# ##.# #.....# ####.##
#.....# #..... #......
######..#.#. ####### #..PP.P.#.#
####### ##.PPPP....# #.....#
#.P.PPPPP.## # #.###.#
#.PP.@.P..##.# #.###.#
#..P=.PP.....###.#.... #####
#..PPPP...####.#.#.#.# ....#
##.P.Pa.P..............
###.#######..#####...####.#.....#
.........##......##### ####...##
.##.#.......####.### #...#
.##.#.##.#..##.....# #(..#
....#.##.......#.#<# #...#


You could see an oklob sapling and a worker ant.

Vanquished Creatures
  A big kobold (Sewer)
  Jessica (D:2)
  3 worker ants (D:4)
  3 gnolls (D:3)
  A river rat (Sewer)
  9 adders
  4 oozes
  An adder skeleton (D:4)
  2 worms (D:3)
  5 dart slugs
  3 leopard geckos
  5 orcs (D:3)
  7 giant cockroaches
  5 goblins
  7 hobgoblins
  2 jackals (Sewer)
  11 kobolds
  A quokka (D:4)
  2 ball pythons
  7 bats
  4 frilled lizards
  8 rats
  A plant (D:4)
93 creatures vanquished.

Notes
Turn   | Place    | Note
-------+----------+-------------------------------------------
     0 | D:1      | Lizzreth the Demonspawn Fighter began the quest for the Orb.
     0 | D:1      | Reached XP level 1. HP: 18/18 MP: 1/1
   120 | D:1      | Gained mutation: You are slightly more attuned to the shadows. [demonic ancestry]
   120 | D:1      | Reached XP level 2. HP: 23/24 MP: 2/2
   634 | D:2      | Reached skill level 1 in Stealth
   703 | D:2      | Reached XP level 3. HP: 27/29 MP: 3/3
   726 | D:2      | Reached skill level 2 in Stealth
  1127 | D:2      | Noticed Jessica
  1137 | D:2      | Killed Jessica
  1137 | D:2      | Reached skill level 3 in Stealth
  1137 | D:2      | Gained mutation: You sometimes gain a little power by taking damage. [demonic ancestry]
  1137 | D:2      | Reached XP level 4. HP: 30/35 MP: 4/4
  1677 | D:3      | Reached skill level 4 in Stealth
  1952 | D:3      | Gained mutation: You are partially covered in molten scales. (AC +2) [demonic ancestry]
  1952 | D:3      | Reached XP level 5. HP: 41/41 MP: 5/5
  2316 | D:3      | Reached skill level 5 in Stealth
  2731 | D:4      | Found Tificw's Jewellery Shop.
  2799 | D:4      | Found a staircase to the Ecumenical Temple.
  2869 | D:4      | Gained mutation: You are significantly more attuned to the shadows. [demonic ancestry]
  2869 | D:4      | Reached XP level 6. HP: 39/47 MP: 6/6
  2974 | D:4      | Found a glowing drain.
  2979 | Sewer    | Entered a sewer
  3172 | Sewer    | Reached skill level 6 in Stealth
  3192 | Sewer    | Found a white marble altar of Elyvilon.
  3699 | D:4      | Splashed by an oklob sapling's acid

Skill      XL: |  1  2  3  4  5  6 |
---------------+-------------------+-----
Polearms       | 2 |  2.7
Stealth        | 1 3 4 5 6 |  6.3
Fighting       | |  3.0
Armour         | |  2.6
Shields        | |  2.6

Action                   |  1- 3 |  4- 6 || total
-------------------------+-------+-------++-------
Melee: Trident           |   104 |   272 ||   376
       Dagger            |       |    14 ||    14
Evoke: Wand              |       |     1 ||     1
  Use: Potion            |       |     4 ||     4
       Scroll            |       |     4 ||     4
 Stab: Sleeping          |    10 |    24 ||    34
       Distracted        |       |     2 ||     2
  Eat: Chunk             |     1 |     6 ||     7
       Bread ration      |       |     1 ||     1
Armor: Leather armour    |    22 |    84 ||   106
Dodge: Dodged            |    39 |   124 ||   163
Block: Shield            |    14 |       ||    14
